 Dungeon Crawl Stone Soup version 0.29.0-7-g18a832c13a (webtiles) character file.

Game seed: 7591848958012593064

2864 sanka the Grappler (level 9, -33/92 HPs)
             Began as a Troll Cinder Acolyte on Aug 31, 2022.
             Was a Priest of Ignis.
             Annihilated by an orc warlord
             ... wielding a +3 battleaxe
              (38 damage)
             ... in a bailey.
             The game lasted 00:10:48 (6205 turns).

sanka the Grappler (Troll Cinder Acolyte)           Turns: 6205, Time: 00:10:48

Health: -33/92     AC: 11    Str: 24    XL:     9   Next: 47%
Magic:  9/9        EV:  9    Int: 10    God:    Ignis [***...]
Gold:   370        SH:  0    Dex:  9    Spells: 10/10 levels left

rFire   + . .      SeeInvis .     - Unarmed
rCold   . . .      Faith    .   (no shield)
rNeg    . . .      Spirit   .   a - +0 robe
rPois   .          Reflect  .   (helmet restricted)
rElec   .          Harm     .   (no cloak)
rCorr   +          Rampage  .   (gloves unavailable)
Will    .....                   (boots unavailable)
Stlth   +.........              (no amulet)
HPRegen 1.05/turn               (no ring)
MPRegen 0.11/turn               i - ring of resist corrosion

@: fiery-armoured
A: large, unfitting armour, claws 3, regeneration 1, shaggy fur 1, tough skin 1
a: Renounce Religion, Fiery Armour, Foxfire Swarm, Rising Flame


You were in a bailey.
You worshipped Ignis.
Ignis was most pleased with you.
You visited 1 branch of the dungeon, and saw 7 of its levels.
You also visited: Bailey.

You collected 370 gold pieces.


Innate Abilities, Weirdness & Mutations

You are too large for most types of armour.
You have claws for hands.
Your natural rate of healing is unusually fast.
You are covered in fur. (AC +1)
You have tough skin. (AC +1)


   Skills:
 + Level 6.5 Fighting
 + Level 11.4 Unarmed Combat
 - Level 1.0 Spellcasting
 - Level 2.1 Fire Magic


You had 10 spell levels left.
You didn't know any spells.
Your spell library contained the following spells:

 Spells                   Type           Power      Damage    Failure   Level
 Scorch                   Fire           8%         2d5       22%         2
 Apportation              Tloc           0%         N/A       34%         1
 Magic Dart               Conj           0%         1d3       34%         1
 Necrotise                Necr           0%         1d4       34%         1
 Summon Small Mammal      Summ           0%         N/A       34%         1
 Searing Ray              Conj           0%         2d4       45%         2
 Gell's Gravitas          Tloc           0%         N/A       71%         3
 Lesser Beckoning         Tloc           0%         N/A       71%         3
 Teleport Other           Tloc           0%         N/A       71%         3
 Fulminant Prism          Conj/Hex       0%         3d6       98%         4
 Alistair's Intoxication  Tmut/Pois      0%         N/A       100%        5

Inventory:

Armour
 a - a +0 robe (worn)
Jewellery
 d - a ring of ice
 i - a ring of resist corrosion (right claw)
Wands
 m - a wand of mindburst (24)
 y - a wand of digging (4)
Scrolls
 b - 2 scrolls of poison {unknown}
 c - 3 scrolls of teleportation {@r4}
 j - 2 scrolls of fear {unknown}
 l - a scroll of summoning {unknown}
 r - 2 scrolls of butterflies {unknown}
 s - 2 scrolls of brand weapon
 u - a scroll of immolation {unknown}
 v - a scroll of enchant weapon {unknown}
 w - a scroll of vulnerability {unknown}
 x - a scroll of magic mapping {unknown}
 C - a scroll of acquirement
Potions
 e - 2 potions of degeneration {unknown}
 f - a potion of curing {@q1}
 g - a potion of flight {unknown}
 h - a potion of ambrosia {unknown}
 k - 3 potions of mutation {!q}
 n - 2 potions of might {unknown}
 o - a potion of brilliance {unknown}
 t - a potion of lignification {unknown}
 z - a potion of haste {unknown}
 A - a potion of cancellation {unknown}
 B - a potion of magic {unknown}

Dungeon Overview and Level Annotations

Branches:
Dungeon (7/15)             Temple (0/1) D:6          Bailey (1/1)

Altars:
Ashenzari
Kikubaaqudgha
Makhleb
Nemelex Xobeh
Zin
The Shining One

..▒▒~~~▒~~~▒▒▒▒......▒▒
..▒~[.....~▒~~▒.....▒▒
..▒~!........~▒....▒▒
..▒▒8.8...8.8~▒▒.(.▒
...▒.........~~'...▒
...▒....∩....~~'..)▒
...▒.........~~'.))▒
..▒▒8.8...8.8~▒▒o..▒
..▒~?........~▒(T..▒▒
..▒~).....~▒~~▒.....▒▒
.(▒▒~~~▒~~~▒▒▒▒......▒▒
...▒▒▒▒▒▒▒▒▒......8...▒
8....'()...'..........▒
.....▒))~~~▒..........▒
.....▒~~~~~▒...8..8..▒▒
8...▒▒~~~~~▒▒.......▒▒
...▒▒.......▒▒.....▒▒


You could see an orc warlord.


Message History

The orc warlord is almost dead.
Your foxfire dissipates!
You claw the orc warlord!
The orc warlord is almost dead.
The orc warlord hits you with a +3 battleaxe!!
* * * LOW HITPOINT WARNING * * *
Unknown command.
The orc warlord hits you with a +3 battleaxe!!
* * * LOW HITPOINT WARNING * * *
The orc warlord hits you with a +3 battleaxe!!
* * * LOW HITPOINT WARNING * * *
You barely miss the orc warlord. You claw the orc warlord!
The orc warlord is almost dead.
The orc warlord hits you with a +3 battleaxe!
* * * LOW HITPOINT WARNING * * *
You scratch the orc warlord but do no damage.
The orc warlord is almost dead.
The orc warlord barely misses you.
Aiming: Mindburst
Aim: an orc warlord, wielding a +3 battleaxe and wearing a +0 crystal plate armour (almost dead, chance to affect: 29%)
Okay, then.
Okay, then.
The orc warlord hits you with a +3 battleaxe!
* * * LOW HITPOINT WARNING * * *
Okay, then.
You barely miss the orc warlord.
The orc warlord is almost dead.
The orc warlord hits you with a +3 battleaxe!!!
You die...

Action                   |  1- 3 |  4- 6 |  7- 9 || total
-------------------------+-------+-------+-------++-------
Melee: Unarmed           |   102 |   158 |   181 ||   441
       Punch             |     1 |     5 |     9 ||    15
Invok: Fiery Armour      |       |       |     3 ||     3
       Foxfire Swarm     |       |       |     2 ||     2
  Use: Potion            |       |       |     4 ||     4
       Scroll            |       |       |     4 ||     4
Armor: Robe              |    24 |    51 |    40 ||   115
Dodge: Dodged            |    44 |    59 |    66 ||   169

Levels and vault maps discovered:
D:1:      lightli_iron_boxes, layout_basic, hellmonk_ecumenical_altar_crossroads
D:2:      layout_basic
D:3:      layout_basic
D:4:      layout_layer_cave
D:5:      layout_layer_cave, hangedman_decor_points, uniq_sigmund
D:6:      layout_rooms, zin_statuary, nicolae_overflow_hallway_of_the_gods,
          temple_fountains, minmay_a_box_with_orc_wizards_in_it
D:7:      layout_loops_cross, enter_bailey_4, uniq_crazy_yiuf_cottage,
          uniq_menkaure, uniq_maggie
Bailey:   bailey_axe_bossmonster_kennysheep, bailey

Notes
Turn   | Place    | Note
-------+----------+-------------------------------------------
     0 | D:1      | sanka the Troll Cinder Acolyte began the quest for the Orb.
     0 | D:1      | Reached XP level 1. HP: 22/22 MP: 1/1
   143 | D:1      | Reached XP level 2. HP: 29/29 MP: 2/2
   150 | D:1      | Found a faded altar of an unknown god.
   253 | D:1      | Reached skill level 4 in Unarmed Combat
   327 | D:1      | Reached XP level 3. HP: 36/36 MP: 3/3
   991 | D:2      | Reached skill level 5 in Unarmed Combat
   991 | D:2      | Reached XP level 4. HP: 43/44 MP: 4/4
  1429 | D:2      | Reached XP level 5. HP: 50/50 MP: 5/5
  1824 | D:3      | Reached skill level 6 in Unarmed Combat
  3083 | D:4      | Reached XP level 6. HP: 59/59 MP: 6/6
  3186 | D:4      | Reached skill level 7 in Unarmed Combat
  3766 | D:5      | Entered Level 5 of the Dungeon
  3781 | D:5      | Noticed an ice beast
  3798 | D:5      | Killed an ice beast
  3811 | D:5      | Reached skill level 8 in Unarmed Combat
  3811 | D:5      | Reached XP level 7. HP: 29/64 MP: 7/7
  4254 | D:5      | Reached skill level 9 in Unarmed Combat
  4276 | D:5      | Noticed a yak
  4277 | D:5      | Noticed a yak
  4279 | D:5      | Noticed a yak
  4281 | D:5      | Noticed a yak
  4295 | D:5      | Killed a yak
  4298 | D:5      | HP: 6/66 [yak (13)]
  4301 | D:5      | Killed a yak
  4302 | D:5      | Reached skill level 10 in Unarmed Combat
  4302 | D:5      | Reached XP level 8. HP: 4/74 MP: 8/8
  4310 | D:5      | Reached skill level 3 in Fighting
  4312 | D:5      | Reached skill level 4 in Fighting
  4459 | D:5      | Noticed Sigmund
  4463 | D:5      | Killed Sigmund
  4537 | D:5      | Reached skill level 5 in Fighting
  5287 | D:6      | Found a staircase to the Ecumenical Temple.
  5303 | D:6      | Reached XP level 9. HP: 81/88 MP: 9/9
  5373 | D:6      | Found a broken altar of Ashenzari.
  5378 | D:6      | Found an ancient bone altar of Kikubaaqudgha.
  5381 | D:6      | Found a sparkling altar of Nemelex Xobeh.
  5381 | D:6      | Found a burning altar of Makhleb.
  5389 | D:6      | Found a glowing golden altar of the Shining One.
  5550 | D:6      | Found a glowing silver altar of Zin.
  5715 | D:6      | Reached skill level 6 in Fighting
  5715 | D:6      | Reached skill level 11 in Unarmed Combat
  5781 | D:7      | Found a flagged portal.
  5853 | Bailey   | Entered a bailey
  5864 | Bailey   | Identified a +0 crystal plate armour
  5864 | Bailey   | Noticed an orc warlord
  5864 | Bailey   | Found the +4 Cigotuvi's embrace {rMiasma Drain rN+}
  5958 | Bailey   | Found a runed translucent gate.
  5960 | Bailey   | Found a runed translucent gate.
  5962 | Bailey   | Found a runed translucent gate.
  6199 | Bailey   | HP: 4/92 [orc warlord/+3 battleaxe (23)]
  6204 | Bailey   | HP: 4/92 [orc warlord/+3 battleaxe (16)]
  6205 | Bailey   | Annihilated by an orc warlord

Vanquished Creatures
  Sigmund (D:5)
  4 yaks (D:5)
  4 orc warriors (Bailey)
  4 ice beasts
  A black bear (D:6)
  A centaur (D:5)
  2 bullfrogs (D:6)
  A necrophage (D:5)
  3 scorpions
  2 jellies
  5 hounds (D:6)
  3 orc priests
  5 orc wizards
  3 iguanas
  10 gnolls
  9 adders
  2 white imps (D:6)
  4 worms
  A dart slug (D:3)
  12 orcs
  8 ball pythons
  12 endoplasms
  2 giant cockroaches
  13 goblins
  9 hobgoblins
  10 jackals
  16 kobolds
  5 quokkas
  4 bats
  2 frilled lizards
  12 rats
170 creatures vanquished.

Vanquished Creatures (others)
  33 foxfires (Bailey)
33 creatures vanquished.

Grand Total: 203 creatures vanquished
